 Dungeon Crawl Stone Soup version 0.25.0-10-g039870ee82 (webtiles) character file.

Game seed: 5375489405623277415

32 mopl the Ruffian (level 3, -1/31 HPs)
             Began as a Ghoul Monk on June 23, 2020.
             Slain by an adder (5 damage)
             ... on level 2 of the Dungeon.
             The game lasted 00:01:00 (867 turns).

mopl the Ruffian (Ghoul Monk)                        Turns: 867, Time: 00:01:00

Health: -1/31      AC:  3    Str: 15    XL:     3   Next: 25%
Magic:  2/2        EV:  8    Int:  5    God:
Gold:   80         SH: 13    Dex: 11    Spells: 2/2 levels left

rFire    . . .     SeeInvis .     - Unarmed
rCold    + . .     Gourm    .   c - +2 tower shield
rNeg     + + +     Faith    .   a - +0 robe
rPois    ∞         Spirit   .   (no helmet)
rElec    .         Reflect  .   (no cloak)
rCorr    .         Harm     .   h - +0 pair of gloves
MR       .....                  (no boots)
Stlth    ++........             (no amulet)
HPRegen  0.00/turn              (no ring)
MPRegen  0.08/turn              (no ring)

@: rotting
A: rotting body, claws 1, carnivore, cold resistance 1, negative energy
resistance 3, inhibited regeneration, torment resistance, unbreathing
a: no special abilities


You were on level 2 of the Dungeon.
You were not hungry.

You visited 1 branch of the dungeon, and saw 2 of its levels.

You collected 80 gold pieces.

Inventory:

Armour
 a - a +0 robe (worn)
 c - a +2 tower shield (worn)
 h - a +0 pair of gloves (worn)
Scrolls
 e - 4 scrolls of identify {unknown}
 f - a scroll of blinking {unknown}
 i - 2 scrolls of teleportation {unknown}
Potions
 g - a potion of magic {unknown}
Comestibles
 b - 2 rations


   Skills:
 + Level 3.6 Fighting
 + Level 0.9 Throwing
 - Level 2.6 Dodging
 - Level 2.1 Stealth
 + Level 0.8 Shields
 * Level 3.9 Unarmed Combat


You had 2 spell levels left.
You didn't know any spells.
Your spell library was empty.

Dungeon Overview and Level Annotations

Branches:
Dungeon (2/15)

Altars:


Innate Abilities, Weirdness & Mutations

Your body is rotting away.
You thrive on raw meat.
You are immune to poison.
You have sharp fingernails.
You are carnivorous and can eat meat at any time.
Your flesh is cold resistant. (rC+)
You are immune to negative energy. (rN+++)
You do not regenerate when monsters are visible.
You are immune to unholy pain and torment.
You can survive without breathing.


Message History

You block the adder's attack.
You hit the adder but do no damage.
The adder is moderately wounded.
You block the bat's attack. x2; You block the adder's attack.
The adder bites you but does no damage.
You barely miss the adder.
The adder is moderately wounded.
You block the bat's attack. You block the adder's attack.
You hit the adder but do no damage.
The adder is moderately wounded.
You block the bat's attack. The adder bites you.
* * * LOW HITPOINT WARNING * * *
The bat hits you.
* * * LOW HITPOINT WARNING * * *
You closely miss the adder.
The adder is moderately wounded.
The bat completely misses you. The adder bites you.
* * * LOW HITPOINT WARNING * * *
The adder bites you.
You die...

## ###### #....
#####......
.....##<.......#
.........(†###.#
.............!!#
..........).#.=..
.....%......# ###
...?...b....#....
#......@....=....
#$.....S....#....
#...........#)#..
.....##...### # .
..... #...# ....
..... ... .......
... ..<......


You could see an adder and a bat.

Vanquished Creatures
  4 dart slugs (D:1)
  2 leopard geckos
  A bat (D:1)
  3 giant cockroaches (D:1)
  2 goblins
  3 hobgoblins (D:1)
  A ball python (D:2)
  2 frilled lizards (D:1)
  2 kobolds (D:1)
  A rat (D:1)
21 creatures vanquished.

Vanquished Creatures (others)
  A giant cockroach (D:2)
1 creature vanquished.

Grand Total: 22 creatures vanquished

Notes
Turn   | Place    | Note
-------+----------+-------------------------------------------
     0 | D:1      | mopl the Ghoul Monk began the quest for the Orb.
     0 | D:1      | Reached XP level 1. HP: 19/19 MP: 0/0
   135 | D:1      | Reached XP level 2. HP: 22/26 MP: 1/1
   476 | D:1      | Reached XP level 3. HP: 31/31 MP: 2/2
   867 | D:2      | Slain by an adder

Illustrated notes

Levels and vault maps discovered:
D:1:      eino_arrival_water_cross, layout_basic, chequers_serial_rivers_micro_d
D:2:      layout_basic, grunt_temple_overflow_holy_war, minmay_misc_feat_doors,
          minmay_misc_feat_hallway, minmay_tromino_i4, uniq_jessica,
          uniq_terence

Action                   || total
-------------------------++-------
Melee: Unarmed           ||   101
 Stab: Sleeping          ||     1
  Eat: Chunk             ||     2
Armor: Robe              ||    22
Dodge: Dodged            ||    28
Block: Tower shield      ||    80
